Map: 킹스 코브 - 래더

Players

SortOf

  • Race: Zerg Zerg
  • Spawn Location: 5:00

DnS - Winner!

  • Race: Protoss Protoss
  • Spawn Location: 11:00

Event: HomeStory Cup XIX

VOD

Have the link to the VOD?

Description

Time

  • Played on: June 27, 2019, 12:35 p.m.
  • Length: 10:48

All games in this series

Show
View Real Time Build Order
Export as new Build Order

SortOf Zerg 

Build Orders: Hatch First 

Get SALT Encoding   

  12  0:00  Drone  
  13  0:12  Overlord  
  13  0:18  Drone  
  14  0:31  Drone x2  
  16  0:50  Hatchery  
  16  0:52  Drone  
  16  0:56  Drone  
  17  1:11  Spawning Pool  
  16  1:14  Drone  
  16  1:17  Extractor  
  16  1:21  Drone  
  16  1:23  Drone  
  18  1:30  Drone  
  19  1:39  Drone  
  20  1:50  Overlord  
  20  1:57  Queen  
  22  2:01  Queen  
  22  2:02  Zergling x2  
  22  2:04  Zergling x2  
  26  2:11  Drone  
  26  2:12  Drone  
  29  2:22  Drone  
  29  2:26  Drone  
  30  2:33  Pneumatized Carapace  
  30  2:39  Hatchery  
  30  2:43  Zergling x2  
  30  2:47  Drone x2  
  32  2:52  Overlord  
  32  2:55  Drone  
  33  3:01  Queen  
  35  3:08  Drone  
  35  3:11  Drone x2  
  38  3:14  Zergling x4  
  38  3:19  Metabolic Boost  
  40  3:23  Drone x2  
  42  3:27  Overlord  
  42  3:35  Queen  
  43  3:49  Overlord  
  43  3:50  Spore Crawler  
  43  3:51  Spore Crawler  
  43  3:52  Drone x4  
  43  3:53  Drone  
  46  3:56  Drone  
  46  3:58  Drone  
  46  4:02  Drone  
  49  4:06  Overlord  
  49  4:09  Zergling x2  
  50  4:11  Queen  
  50  4:14  Drone  
  50  4:15  Drone  
  53  4:18  Evolution Chamber  
  53  4:19  Drone  
  53  4:22  Drone x2  
  55  4:26  Drone  
  55  4:27  Drone x2  
  55  4:30  Drone  
  58  4:32  Drone  
  58  4:38  Overlord  
  59  4:43  Overlord  
  59  4:44  Spore Crawler  
  58  4:50  Overlord  
  58  4:53  Overlord  
  58  4:54  Zerg Melee Weapons Level 1  
  58  4:56  Overlord  
  58  4:58  Drone  
  59  5:01  Drone x3  
  59  5:03  Drone  
  59  5:06  Drone x2  
  65  5:07  Drone  
  65  5:11  Drone x2  
  68  5:14  Lair  
  68  5:20  Queen  
  70  5:22  Drone  
  70  5:23  Spine Crawler  
  70  5:24  Drone x2  
  72  5:29  Zergling x6  
  72  5:31  Drone x2  
  77  5:37  Drone x2, Extractor, Baneling Nest  
  77  5:38  Extractor  
  77  5:40  Drone x2  
  77  5:41  Drone  
  79  5:47  Drone  
  79  5:48  Drone x4  
  84  5:50  Queen  
  84  5:54  Extractor  
  84  5:55  Drone  
  84  5:56  Extractor x2  
  84  6:01  Zergling x8  
  88  6:08  Queen  
  88  6:09  Overlord  
  88  6:11  Overlord  
  89  6:18  Hydralisk Den  
  88  6:19  Overseer  
  88  6:20  Overseer  
  88  6:22  Zergling x2  
  88  6:23  Overlord  
  89  6:32  Zergling x16  
  97  6:33  Baneling  
  97  6:34  Baneling x7  
  97  6:37  Zergling x14  
  93  6:49  Zergling x2  
  93  6:50  Zergling x8  
  92  6:55  Zergling x4  
  92  6:57  Zergling x2  
  92  6:59  Centrifical Hooks, Zerg Melee Weapons Level 2  
  92  7:00  Muscular Augments  
  92  7:03  Hydralisk  
  92  7:05  Baneling  
  92  7:07  Queen  
  96  7:21  Hydralisk x5  
  106  7:31  Drone  
  106  7:32  Drone, Hatchery  
  106  7:34  Drone  
  106  7:35  Drone  
  106  7:36  Hydralisk x2  
  112  7:49  Overlord x2  
  112  7:56  Overlord  
  112  7:59  Overlord  
  112  8:02  Overlord  
  112  8:03  Overlord x2  
  112  8:08  Drone  
  112  8:10  Drone x6  
  112  8:11  Hydralisk, Grooved Spines  
  121  8:15  Baneling x4  
  121  8:16  Hydralisk x4  
  121  8:18  Overlord  
  129  8:22  Drone x2  
  129  8:23  Drone  
  130  8:29  Hydralisk x2  
  130  8:33  Hydralisk  
  130  8:34  Hydralisk x3  
  134  8:40  Hydralisk  
  144  8:45  Hydralisk x4  
  152  8:50  Zergling x2  
  152  8:51  Zergling x6  
  156  9:01  Zergling x2  
  156  9:02  Zergling x14  
  164  9:05  Baneling x8  
  164  9:13  Baneling x3  
  164  9:14  Zergling x2  
  139  9:24  Zergling x2  
  139  9:25  Zergling x4  
  139  9:26  Zergling x16  
  139  9:29  Zergling x4  
  119  9:31  Hydralisk  
  119  9:32  Hydralisk x4  
  119  9:33  Hydralisk  
  119  9:38  Hydralisk x2  
  121  9:42  Hydralisk x2  
  127  9:47  Hydralisk  
  127  9:49  Baneling x11  
  129  9:52  Hydralisk  
  129  9:53  Hydralisk  
  129  9:54  Zergling x2  
  134  10:00  Zergling x10  
  134  10:02  Zergling x2  
  138  10:08  Zergling x2  
  138  10:09  Zergling x2  
  138  10:14  Hydralisk  
  127  10:15  Zergling x2  
  127  10:16  Zergling x12  
  127  10:18  Zergling x2  
  127  10:19  Zergling x2  
  136  10:21  Zergling x4  
  136  10:23  Zergling x2  
Show
View Real Time Build Order
Export as new Build Order

DnS Protoss - Winner!

Build Orders: 1 Gate Expand, Oracle Opening, Phoenix Opening, Archon Immortal, Archon Drop 

Get SALT Encoding   

  12  0:00  Probe  
  13  0:12  Probe  
  14  0:18  Pylon  
  14  0:24  Probe  
  15  0:32  Probe  
  15  0:39  Gateway  
  15  0:40  Probe  
  16  0:47  Assimilator  
  17  0:51  Probe  
  18  1:03  Probe  
  19  1:15  Probe  
  20  1:26  Nexus  
  20  1:37  Cybernetics Core  
  21  1:40  Probe  
  21  1:48  Assimilator  
  21  1:52  Probe  
  22  1:55  Pylon  
  22  2:03  Adept  
  22  2:04  Probe  
  25  2:16  Probe  
  25  2:18  Stargate  
  26  2:27  Warp Gate  
  26  2:28  Probe  
  27  2:33  Adept  
  27  2:34  Probe  
  29  2:40  Probe  
  29  2:42  Probe  
  32  2:52  Probe x2  
  32  2:53  Phoenix  
  34  3:04  Probe x2  
  38  3:09  Adept  
  40  3:13  Oracle  
  40  3:16  Probe x2, Pylon  
  45  3:28  Probe  
  45  3:30  Assimilator  
  45  3:32  Assimilator  
  46  3:34  Probe  
  46  3:40  Probe  
  48  3:46  Probe  
  49  3:48  Robotics Facility  
  49  3:52  Probe  
  50  3:58  Probe, Gateway  
  50  3:59  Pylon  
  51  4:07  Probe  
  52  4:11  Twilight Council  
  52  4:16  Probe  
  53  4:19  Gateway  
  53  4:20  Gateway  
  53  4:28  Probe  
  53  4:29  Probe  
  53  4:30  Warp Prism  
  55  4:34  Gateway  
  55  4:37  Gateway  
  57  4:50  Probe  
  54  4:53  Charge  
  54  4:55  Templar Archives  
  54  4:57  Zealot  
  54  4:58  Zealot  
  58  5:14  Forge  
  58  5:20  Nexus  
  58  5:22  Probe x2  
  58  5:23  Pylon  
  60  5:31  High Templar  
  60  5:34  Pylon  
  62  5:39  Protoss Ground Weapons Level 1  
  62  5:41  Probe x2, High Templar  
  62  5:42  High Templar  
  69  5:44  High Templar  
  69  5:46  Pylon  
  69  5:47  Archon x2  
  69  5:48  Immortal  
  70  5:53  Probe  
  75  5:58  Probe  
  75  6:01  Pylon  
  75  6:02  Pylon  
  76  6:06  Probe  
  76  6:10  Probe  
  79  6:18  Probe  
  79  6:22  Probe  
  79  6:24  Observer  
  80  6:28  Zealot x5  
  80  6:32  Zealot  
  93  6:34  Probe  
  94  6:43  Probe  
  94  6:44  Probe  
  94  6:46  Probe  
  95  6:49  Psionic Storm  
  95  6:52  Zealot x5  
  89  6:55  Probe  
  89  6:57  Probe  
  89  6:58  Probe  
  89  7:00  Assimilator  
  89  7:01  High Templar x3  
  88  7:02  Assimilator  
  88  7:04  Shield Battery  
  88  7:07  Probe  
  91  7:09  Zealot x2, High Templar, Probe  
  91  7:10  Probe  
  99  7:19  Probe, Pylon  
  99  7:21  Probe, Immortal  
  105  7:23  Protoss Ground Weapons Level 2  
  105  7:40  Gateway  
  105  7:41  Gateway  
  105  7:42  Zealot x5  
  115  8:01  Nexus  
  115  8:04  Pylon  
  115  8:06  High Templar x4  
  115  8:07  Pylon  
  115  8:10  Archon x2  
  123  8:13  Probe x2  
  123  8:14  Immortal  
  125  8:22  Probe  
  125  8:25  Probe  
  125  8:26  Probe  
  132  8:33  High Templar x2, Gateway x2  
  136  8:34  Probe  
  136  8:35  Gateway  
  136  8:37  Archon, Gateway  
  136  8:40  Assimilator  
  137  8:42  Photon Cannon  
  137  8:44  Assimilator  
  137  8:45  Photon Cannon  
  137  8:49  Photon Cannon  
  137  8:52  High Templar  
  137  8:53  High Templar  
  141  8:58  Archon  
  141  9:09  Immortal  
  141  9:13  Zealot x4, High Templar x2  
  156  9:17  Archon  
  142  9:31  Archon  
  122  9:33  Zealot x10  
  138  9:59  Zealot x5  
  148  10:00  Zealot x4  
  156  10:13  High Templar x3  
  132  10:22  Zealot  
  132  10:23  Zealot x8  
  122  10:45  High Templar x7  
  122  10:46  High Templar  
Tags
 
Add a new tag
Caveats
  • Supply blocks, unpowered buildings, or Contaminate may cause inaccurate times.
  • Supply counts are checked every 10 seconds.